 Dungeon Crawl Stone Soup version 0.29.1-15-g9cfb28693d (webtiles) character file.

Game seed: 3453634837015994154

994 Hakkniv the Geomancer (level 8, 0/41 HPs)
             Began as a Gargoyle Earth Elementalist on Mar 1, 2023.
             Was an Initiate of Vehumet.
             Slain by an orc warrior
             ... wielding a +2 battleaxe of flaming
              (18 damage)
             ... on level 5 of the Dungeon.
             The game lasted 00:19:52 (5366 turns).

Hakkniv the Geomancer (Gargoyle Earth Elementalist) Turns: 5366, Time: 00:19:52

Health: 0/41       AC:  7    Str: 12    XL:     8   Next: 19%
Magic:  16/17      EV: 12    Int: 24    God:    Vehumet [......]
Gold:   340        SH:  0    Dex: 10    Spells: 13/19 levels left

rFire   . . .      SeeInvis .   w - +2 flail (protect)
rCold   . . .      Faith    .   (no shield)
rNeg    + . .      Spirit   .   a - +0 robe
rPois   ∞          Reflect  .   (no helmet)
rElec   +          Harm     .   (no cloak)
rCorr   .          Rampage  .   (no gloves)
Will    .....                   (no boots)
Stlth   ++........              p - amulet of regeneration
HPRegen 0.93/turn               u - +6 ring of intelligence
MPRegen 0.15/turn               (no ring)

@: no status effects
A: sickness immunity, AC +5, negative energy resistance 1, electricity
resistance, torment resistance 1, petrification resistance
a: Renounce Religion


You were on level 5 of the Dungeon.
You worshipped Vehumet.
Vehumet was noncommittal.
You visited 2 branches of the dungeon, and saw 6 of its levels.

You collected 340 gold pieces.

Inventory:

Hand Weapons
 w - a +2 flail of protection (weapon)
Armour
 a - a +0 robe (worn)
Jewellery
 h - an amulet of magic regeneration
 p - an amulet of regeneration (around neck)
 u - a +6 ring of intelligence (left hand)
 v - an amulet of faith
Wands
 m - a wand of iceblast (6)
 A - a wand of paralysis (8)
Scrolls
 c - a scroll of immolation {unknown}
 d - a scroll of acquirement {unknown}
 j - a scroll of fog
 l - a scroll of vulnerability
 n - a scroll of magic mapping
 o - a scroll of fear {unknown}
 q - a scroll of noise {unknown}
 r - a scroll of blinking {unknown}
 t - 2 scrolls of identify
 y - 2 scrolls of teleportation {unknown}
 z - a scroll of poison {unknown}
Potions
 b - a potion of magic
 e - 3 potions of degeneration {unknown}
 f - 3 potions of curing {unknown}
 g - 2 potions of flight {unknown}
 i - 3 potions of heal wounds
 k - 2 potions of cancellation {unknown}
 s - a potion of mutation {unknown}
 x - a potion of attraction {unknown}


   Skills:
 - Level 1.6 Dodging
 - Level 2.3 Stealth
 + Level 6.1 Spellcasting
 - Level 1.4 Transmutations
 + Level 8.4 Earth Magic


You had 13 spell levels left.
You knew the following spells:

 Your Spells              Type           Power      Damage    Failure   Level
a - Sandblast             Erth           96%        2d20      1%          1
b - Passwall              Tmut/Erth      25%        N/A       1%          2
c - Stone Arrow           Conj/Erth      54%        3d10      4%          3

Your spell library contained the following spells:

 Spells                   Type           Power      Damage    Failure   Level
 Sting                    Tmut/Pois      40%        1d5       6%          1
 Petrify                  Tmut/Erth      31%        N/A       11%         4
 Poisonous Vapours        Pois/Air       14%        N/A       12%         2
 Olgreb's Toxic Radiance  Pois           7%         N/A       61%         4


Dungeon Overview and Level Annotations

Branches:
Dungeon (5/15)             Temple (1/1) D:4

Altars:
Ashenzari
Dithmenos
Elyvilon
Fedhas
Gozag
Hepliaklqana
Kikubaaqudgha
Makhleb
Nemelex Xobeh
Okawaru
Qazlal
Ru
Sif Muna
Trog
Uskayaw
Vehumet
Wu Jian
Xom
Yredelemnul
Zin
The Shining One

Shops:
D:1 :


Innate Abilities, Weirdness & Mutations

You are immune to sickness and miasma.
Your stone body is resilient. (AC +5)
You are immune to poison.
You resist negative energy. (rN+)
You are resistant to electric shocks. (rElec)
You are resistant to unholy torment.
You are immune to petrification.


Message History

The orc shouts!
Casting: Sandblast (safe; 1% risk of failure)
Confirm with . or Enter, or press ? or * to list all spells.
Aiming: Sandblast (safe; 1% risk of failure)
Press: ? - help, Shift-Dir - straight line, f - orc
Aim: an orc, wielding a +0 whip and wearing a +0 ring mail (87% to hit)
The blast of sand hits the orc!!
You kill the orc!
Vehumet accepts your kill.
Casting: Sandblast (safe; 1% risk of failure)
Confirm with . or Enter, or press ? or * to list all spells.
Aiming: Sandblast (safe; 1% risk of failure)
Press: ? - help, Shift-Dir - straight line, f - orc
Aim: an orc, wielding a +0 flail (85% to hit)
The blast of sand hits the orc!!
You kill the orc!
Vehumet accepts your kill.
Casting: Sandblast (safe; 1% risk of failure)
Confirm with . or Enter, or press ? or * to list all spells.
Aiming: Sandblast (safe; 1% risk of failure)
Press: ? - help, Shift-Dir - straight line, f - orc warrior
Aim: an orc warrior, wielding a +2 battleaxe of flaming and wearing a +0 chain mail (83% to hit)
The blast of sand hits the orc warrior.
The orc warrior is lightly wounded.
Casting: Sandblast (safe; 1% risk of failure)
Confirm with . or Enter, or press ? or * to list all spells.
Aiming: Sandblast (safe; 1% risk of failure)
Press: ? - help, Shift-Dir - straight line, f/p - orc warrior
Aim: an orc warrior, wielding a +2 battleaxe of flaming and wearing a +0 chain mail (lightly wounded, 83% to hit)
The blast of sand misses the orc warrior.
The orc warrior attacks as you move away!
The orc warrior hits you with a +2 battleaxe of flaming.
The orc warrior burns you.
The orc warrior attacks as you move away!
The orc warrior hits you with a +2 battleaxe of flaming!
The orc warrior burns you.
As you read the scroll labelled MOIFEO GOYNYD, it crumbles to dust.
The scroll dissolves into smoke.
It was a scroll of fog.
The orc warrior hits you with a +2 battleaxe of flaming!!
You die...

.......# ####.....####.#
..÷....#### ##<######.####.#
#.........# #...#.....)....#
#.####.#..# #.♣.#####.######
#....#.#..###.).# #.....#
###.........##.[## #.###.#
#.....[.######§####.###.#
#......##...##§§§##...#.#
#......#<.♣.§§@♣..#...#.#######
#......##...##o§§.#...#.......#
#.......######§§§.....#######)#
#.......# ##.'#.##....# #.#
#.......###...#.#.....### #.#
#^........#.♣.#...#.....# #.# #
#.........#...#.#.....#.#####.#
###.........##<##.#.#.#.#.......#
.##..........###..#[#.#.#########


You could see an orc warrior.

Vanquished Creatures
  A water moccasin (D:5)
  An ogre (D:4)
  A necrophage (D:4)
  2 scorpions (D:5)
  A bullfrog (D:4)
  3 hounds (D:5)
  An orc priest (D:5)
  2 jellies (D:5)
  4 orc wizards (D:5)
  2 iguanas
  4 gnolls (D:3)
  7 adders
  An ufetubus (D:5)
  3 worms
  A dart slug (D:3)
  15 orcs
  13 ball pythons
  6 bats
  11 endoplasms
  4 giant cockroaches
  6 goblins
  7 hobgoblins
  7 jackals
  2 kobolds
  8 quokkas
  5 frilled lizards
  7 rats
  A bush (D:1)
126 creatures vanquished.

Vanquished Creatures (others)
  A phantom (D:4)
1 creature vanquished.

Grand Total: 127 creatures vanquished

Notes
Turn   | Place    | Note
-------+----------+-------------------------------------------
     0 | D:1      | Hakkniv the Gargoyle Earth Elementalist began the quest for
                  | the Orb.
     0 | D:1      | Reached XP level 1. HP: 10/10 MP: 3/3
   924 | D:1      | Reached skill level 1 in Transmutations
   994 | D:1      | Reached XP level 2. HP: 11/15 MP: 0/5
  1209 | D:1      | Reached skill level 4 in Earth Magic
  1295 | D:1      | Found Nuawon's Book Shoppe.
  1349 | D:1      | Reached XP level 3. HP: 19/19 MP: 6/6
  1443 | D:2      | Found a faded altar of an unknown god.
  1632 | D:2      | Reached XP level 4. HP: 24/24 MP: 6/8
  2420 | D:3      | Reached skill level 5 in Earth Magic
  2692 | D:3      | Reached XP level 5. HP: 27/28 MP: 7/9
  2884 | D:3      | Found a bloodstained altar of Trog.
  2921 | D:4      | Noticed an ogre
  2925 | D:4      | Killed a phantom
  2974 | D:4      | Found a staircase to the Ecumenical Temple.
  2980 | Temple   | Entered the Ecumenical Temple
  2980 | Temple   | Found a transporter.
  2980 | Temple   | Found a transporter.
  2982 | Temple   | Found a transporter.
  2982 | Temple   | Found a transporter.
  3330 | D:4      | Reached XP level 6. HP: 32/32 MP: 9/12
  3342 | D:4      | Reached skill level 6 in Earth Magic
  3609 | D:4      | Noticed an angel
  3611 | D:4      | Found a shimmering altar of Xom.
  3611 | D:4      | Found a glowing silver altar of Zin.
  4488 | D:5      | Entered Level 5 of the Dungeon
  4491 | D:5      | Reached XP level 7. HP: 36/36 MP: 12/14
  4670 | D:5      | Reached skill level 7 in Earth Magic
  4677 | D:5      | Reached skill level 5 in Spellcasting
  4822 | D:5      | Found a stormy altar of Qazlal.
  4823 | D:5      | Found a burning altar of Makhleb.
  4826 | D:5      | Found a sacrificial altar of Ru.
  4828 | D:5      | Found a hazy altar of Hepliaklqana.
  4878 | D:5      | Found a shimmering blue altar of Sif Muna.
  4885 | D:5      | Found an ancient bone altar of Kikubaaqudgha.
  4895 | D:5      | Found a radiant altar of Vehumet.
  4900 | D:5      | Became a worshipper of Vehumet
  4966 | D:5      | Reached skill level 8 in Earth Magic
  4966 | D:5      | Reached XP level 8. HP: 41/41 MP: 16/16
  5000 | D:5      | Learned a level 2 spell: Passwall
  5004 | D:5      | Learned a level 3 spell: Stone Arrow
  5366 | D:5      | Slain by an orc warrior

Illustrated notes

Levels and vault maps discovered:
D:1:      dpeg_arrival_three_same_balls, layout_basic, serial_shops,
          nicolae_shop_crystal, minmay_hedge_maze
D:2:      kb_forest_paths, layout_basic, basic_ecumenical_altar,
          minmay_tromino_v4_a
D:3:      layout_loops_cross, trog_book, chequers_serial_rivers_micro_d,
          kennysheep_generic_room_4
D:4:      layout_layer_cave, grunt_temple_overflow_order_and_chaos_1,
          minmay_temple_entry_hall
D:5:      layout_basic, palyth_temple_overflow_mages, minitemple,
          grunt_ministairs_4
Temple:   hellmonk_temple_divided_pantheon

Skill      XL: |  1  2  3  4  5  6  7  8 |
---------------+-------------------------+-----
Transmutations | 1 |  1.4
Earth Magic    | 4 5 6 8 |  8.4
Spellcasting   | 3 4 5 6 |  6.1
Dodging        | |  1.6
Stealth        | |  2.3

Action                   |  1- 3 |  4- 6 |  7- 9 || total
-------------------------+-------+-------+-------++-------
Melee: Unarmed           |   686 |       |       ||   686
       Punch             |     6 |       |       ||     6
 Cast: Sandblast         |    54 |    92 |    44 ||   190
  Use: Scroll            |       |       |     4 ||     4
Armor: Robe              |     9 |     7 |     4 ||    20
Dodge: Dodged            |    16 |    25 |    11 ||    52
